 Dungeon Crawl Stone Soup version 0.30-a0-159-g068b764562 (webtiles) character file.

Game seed: 3747949944028990653

3850 Sobieck the Covert (level 10, -1/90 HPs)
             Began as a Kobold Earth Elementalist on Sept 27, 2022.
             Was a Believer of Wu Jian.
             Slain by Joseph
             ... wielding a +0 quarterstaff
              (11 damage)
             ... on level 8 of the Dungeon.
             The game lasted 00:17:07 (9871 turns).

Sobieck the Covert (Kobold Earth Elementalist)      Turns: 9871, Time: 00:17:08

Health: -1/90      AC:  4    Str:  5    XL:     10   Next: 41%
Magic:  19/19      EV: 15    Int: 18    God:    Wu Jian [**....]
Gold:   280        SH:  0    Dex: 19    Spells: 11/21 levels left

rFire   . . .      SeeInvis +    a - +3 rapier {short}
rCold   . . .      Faith    .    (no shield)
rNeg    . . .      Spirit   .    v - +0 robe
rPois   .          Reflect  .    j - +0 helmet
rElec   .          Harm     .    (no cloak)
rCorr   +          Rampage  .    (no gloves)
Will    .....                    k - +0 pair of boots
Stlth   ..........               (no amulet)
HPRegen 0.25/turn                x - ring of see invisible
MPRegen 0.16/turn                N - ring of resist corrosion

@: berserking, very quick
A: small, no large weapons, nightstalker 3
a: Renounce Religion, Wall Jump


You were on level 8 of the Dungeon.
You worshipped Wu Jian.
Wu Jian was pleased with you.
You visited 1 branch of the dungeon, and saw 8 of its levels.

You collected 437 gold pieces.
You spent 157 gold pieces at shops.


Innate Abilities, Weirdness & Mutations

You are small and have problems with some larger weapons.
You are completely attuned to the shadows.


   Skills:
 + Level 5.9 Fighting
 + Level 7.2 Short Blades
 - Level 3.0 Dodging
 + Level 8.4 Stealth
 + Level 6.0 Spellcasting
 + Level 4.2 Conjurations
 + Level 5.5 Transmutations
 + Level 6.0 Earth Magic


You had 11 spell levels left.
You knew the following spells:

 Your Spells              Type           Power      Damage    Failure   Level
a - Sandblast             Erth           54%        2d13      1%          1
b - Passwall              Tmut/Erth      21%        N/A       1%          2
c - Stone Arrow           Conj/Erth      46%        3d9       4%          3
d - Petrify               Tmut/Erth      26%        N/A       11%         4

Your spell library contained the following spells:

 Spells                   Type           Power      Damage    Failure   Level


Inventory:

Hand Weapons
 a - a +3 rapier (weapon) {short}
   (You found it on level 3 of the Dungeon)
 e - a +0 short sword {short}
   (You took it off a kobold on level 1 of the Dungeon)
 C - a +1 flail of protection {mace}
   (You took it off a gnoll on level 7 of the Dungeon)
 F - the +7 whip of Burning Integrity {venom, rC+ rN+, mace}
   (You took it off a gnoll on level 7 of the Dungeon)

   It poisons the flesh of those it strikes.
   rC:        It protects you from cold.
   rN:        It protects you from negative energy.
 I - a +1 dagger of electrocution {short}
   (You took it off an orc wizard on level 5 of the Dungeon)
 K - a +1 mace of holy wrath {mace}
   (You found it on level 5 of the Dungeon)
 W - a +2 hand axe of flaming {axe}
   (You took it off an orc on level 6 of the Dungeon)
Missiles
 l - 81 stones {throwing}
 o - 8 poisoned darts {throwing}
 A - 3 curare-tipped darts {=fthrowing}
Armour
 h - +0 acid dragon scales
   (You took it off Maggie on level 7 of the Dungeon)
 j - a +0 helmet (worn)
   (You found it on level 1 of the Dungeon)
 k - a +0 pair of boots (worn)
   (You found it on level 1 of the Dungeon)
 t - a +0 leather armour
   (You took it off an orc on level 2 of the Dungeon)
 v - a +0 robe (worn)
 w - a +0 ring mail
   (You found it on level 3 of the Dungeon)
 y - a +0 leather armour
   (You found it on level 3 of the Dungeon)
 E - a +0 leather armour
   (You found it on level 4 of the Dungeon)
 M - a +0 leather armour
   (You found it on level 5 of the Dungeon)
 P - a +0 robe
   (You took it off Blork the orc on level 5 of the Dungeon)
 R - a scarf of harm
   (You found it on level 6 of the Dungeon)
 S - a +0 ring mail
   (You found it on level 6 of the Dungeon)
 T - a +0 leather armour
   (You took it off an orc priest on level 5 of the Dungeon)
 U - a +0 robe
   (You took it off an orc wizard on level 6 of the Dungeon)
 V - a +0 robe
   (You took it off an orc wizard on level 6 of the Dungeon)
 Y - a +0 scale mail
   (You found it on level 7 of the Dungeon)
Magical Staves
 B - a staff of poison {!astaff}
   (You found it on level 4 of the Dungeon)
Jewellery
 m - an amulet of guardian spirit
   (You found it on level 1 of the Dungeon)
 n - a ring of protection from fire
   (You took it off a centaur on level 8 of the Dungeon)
 x - a ring of see invisible (left hand)
   (You found it on level 3 of the Dungeon)
 D - a ring of wizardry
   (You found it on level 4 of the Dungeon)
 N - a ring of resist corrosion (right hand)
   (You found it on level 5 of the Dungeon)
Wands
 z - a wand of mindburst (16)
   (You found it on level 4 of the Dungeon)
 H - a wand of roots (19)
   (You found it on level 5 of the Dungeon)
 J - a wand of polymorph (8)
   (You found it on level 7 of the Dungeon)
 X - a wand of charming (16)
   (You found it on level 6 of the Dungeon)
 Z - a wand of flame (45)
   (You found it on level 7 of the Dungeon)
Scrolls
 d - a scroll of magic mapping {!r}
 g - a scroll of summoning
 i - a scroll of poison {!r}
 r - 2 scrolls of teleportation {@r4}
 G - 2 scrolls of vulnerability {!r!r}
 L - a scroll of fog
 Q - a scroll of blinking {!r}
Potions
 b - 3 potions of magic
 c - 3 potions of ambrosia
 f - 2 potions of berserk rage {!q}
 p - a potion of mutation {unknown}
 q - a potion of cancellation {unknown}
 s - a potion of brilliance
 u - a potion of attraction {!q}
 O - a potion of curing {unknown}

Dungeon Overview and Level Annotations

Branches:
Dungeon (8/15) Zot: 26018  Temple (0/1) D:6
   Lair: D:8-11

Altars:
Dithmenos
Wu Jian

Shops:
D:7 *

Annotations:
D:3 2 transporters, Tollund's ghost, amateur VSFi
D:8 Joseph

######## #......# #......#
#......# ####......#
..........#
..........#########
....######@.#..##.#
#......'....@........#....#
#......#.............#....#
#......#.............#....#
#......#.............#....#
#......#.............'....#
#......#..########..##....#
.#......#..########..#.....#
.'......#........#...#.....#


You could see Joseph.


Message History

Things that are here:
a +0 glaive {polearm}; a +0 chain mail Could not pick up a +0 chain mail here; ([A]lways) ignore it?
Autopickup disabled for chain mails.
Items here: ) [[ รท.
Your pack is full.
Things that are here:
a scarf of harm; a +0 sling; a +0 vorpal shortbow {bow} Unknown command.
Your pack is full.
Things that are here:
a scarf of harm; a +0 sling; a +0 vorpal shortbow {bow} Could not pick up a +0 vorpal shortbow {bow} here; ([A]lways) ignore it?
Autopickup disabled for shortbows.
A centaur comes into view.
The centaur wields a +0 shortbow.
The centaur shoots an arrow.
The arrow hits you.
There is an open door here.
Danger!
Unknown command.
The centaur shoots an arrow.
The arrow hits you!
The centaur shoots an arrow.
The arrow hits you!
You hit the centaur.
The centaur unwields a +0 shortbow.
The centaur hits you.
The centaur kicks you but does no damage.
Unknown command.
You barely miss the centaur. The centaur barely misses you.
The centaur kicks you but does no damage.
You hit the centaur. The centaur barely misses you. The centaur kicks you.
Unknown command.
You hit the centaur. The centaur misses you.
The centaur kicks you but does no damage.
The centaur misses you. The centaur barely misses you.
You barely miss the centaur.
The centaur hits you but does no damage.
The centaur kicks you but does no damage.
You puncture the centaur!
You kill the centaur!
The Council accepts your kill.
Unknown command.
You see here a +0 shortbow {bow}.
Unknown command.
There is an open door here.
There is an open door here.
There is an open door here.
l - 81 stones {throwing} (gained 5)
There is an open door here.
Joseph, a Mercenary comes into view.
He is wielding a +0 quarterstaff.
Joseph moves out of view.
Unknown command.
Danger!
You hit Joseph.
Joseph hits you with a +0 quarterstaff!!
Unknown command.
Unknown command.
Unknown command.
Casting: Passwall (safe; 1% risk of failure)
Confirm with . or Enter, or press ? or * to list all spells.
Aiming: Petrify (dangerous; 11% risk of failure)
Press: ? - help, Shift-Dir - straight line, f - Joseph
Aim: Joseph, wielding a +0 quarterstaff and wearing a +0 leather armour (lightly wounded, chance to affect: 39%) Joseph resists with some effort.
Joseph says, "Coming here was your last mistake."
Joseph hits you with a +0 quarterstaff!!
* * * LOW HITPOINT WARNING * * *
Unknown command.
Casting: Petrify (dangerous; 11% risk of failure)
Confirm with . or Enter, or press ? or * to list all spells.
Aiming: Petrify (dangerous; 11% risk of failure)
Press: ? - help, Shift-Dir - straight line, f/p - Joseph
Aim: Joseph, wielding a +0 quarterstaff and wearing a +0 leather armour (lightly wounded, chance to affect: 39%) Joseph resists with some effort.
Joseph hits you with a +0 quarterstaff.
* * * LOW HITPOINT WARNING * * *
Unknown command.
Casting: Petrify (dangerous; 11% risk of failure)
Confirm with . or Enter, or press ? or * to list all spells.
Aiming: Petrify (dangerous; 11% risk of failure)
Press: ? - help, Shift-Dir - straight line, f/p - Joseph
Aim: Joseph, wielding a +0 quarterstaff and wearing a +0 leather armour (lightly wounded, chance to affect: 39%) Joseph resists with some effort.
Joseph barely misses you.
Unknown command.
Casting: Petrify (dangerous; 11% risk of failure)
Confirm with . or Enter, or press ? or * to list all spells.
Aiming: Petrify (dangerous; 11% risk of failure)
Press: ? - help, Shift-Dir - straight line, f/p - Joseph
Aim: Joseph, wielding a +0 quarterstaff and wearing a +0 leather armour (lightly wounded, chance to affect: 39%) Joseph resists with some effort.
Joseph misses you.
Casting: Petrify (dangerous; 11% risk of failure)
Confirm with . or Enter, or press ? or * to list all spells.
You don't have enough magic to cast this spell.
Magic courses through your body. Joseph hits you with a +0 quarterstaff!
* * * LOW HITPOINT WARNING * * *
Your magic is already full.
Really quaff
f - 3 potions of berserk rage {!q}?
Okay, then.
Really quaff
f - 3 potions of berserk rage {!q}?
A red film seems to cover your vision as you go berserk!
You feel yourself moving faster!
You feel mighty! Joseph misses you.
Unknown command.
You puncture Joseph! Joseph hits you with a +0 quarterstaff!
You die...

Skill      XL: |  1  2  3  4  5  6  7  8  9 10 |
---------------+-------------------------------+-----
Stealth        | 3 4 5 6 7 8 |  8.4
Fighting       | 1 2 3 4 5 |  5.9
Short Blades   | 1 2 4 5 6 7 |  7.2
Dodging        | 3 |  3.0
Transmutations | 2 3 4 5 |  5.5
Spellcasting   | 3 4 5 6 |  6.0
Earth Magic    | 4 5 6 |  6.0
Conjurations   | 2 3 4 |  4.2

Action                   |  1- 3 |  4- 6 |  7- 9 | 10-12 || total
-------------------------+-------+-------+-------+-------++-------
Melee: Short sword       |       |     2 |       |       ||     2
       Rapier            |       |     6 |    41 |    36 ||    83
       Punch             |       |       |       |     1 ||     1
Throw: Dart              |       |       |     2 |       ||     2
       Stone             |       |       |     1 |       ||     1
 Cast: Sandblast         |    34 |    42 |    99 |    20 ||   195
       Passwall          |       |     3 |    15 |     3 ||    21
       Stone Arrow       |       |       |     6 |     3 ||     9
       Petrify           |       |       |       |     4 ||     4
Invok: Lunge             |       |     3 |    13 |     3 ||    19
       Whirlwind         |       |       |     2 |     2 ||     4
  Use: Scroll            |       |     8 |     9 |       ||    17
       Potion            |       |       |       |     2 ||     2
 Stab: Sleeping          |       |     7 |    24 |     3 ||    34
Armor: Robe              |     1 |       |    17 |    19 ||    37
Dodge: Dodged            |     5 |     4 |    87 |    57 ||   153

Levels and vault maps discovered:
D:1:      giann_horns, layout_basic, shapermc_ecumenical_altar_petra
D:2:      layout_loops_ring, uniq_natasha
D:3:      layout_loops_ring, nzn_wu_jian_contemplation,
          gammafunk_ghost_stat_death, serial_forest, infiniplex_forest_zigzag_1,
          infiniplex_forest_straight_2, infiniplex_forest_straight_3,
          infiniplex_forest_lined_2, infiniplex_forest_clump_small,
          infiniplex_forest_lined_3, infiniplex_forest_end_1, st_stairs_9,
          kennysheep_crisscross
D:4:      layout_rooms
D:5:      layout_basic, grunt_dithmenos_smoke_and_mirrors, uniq_blork_the_orc
D:6:      layout_loops_ring, minmay_temple_entry_large_hall
D:7:      layout_rooms, serial_shops, kennysheep_little_box, uniq_menkaure,
          uniq_maggie, uniq_prince_ribbit1
D:8:      minmay_evil_eye, layout_gridville, regret_index_temple_of_mockery,
          uniq_grum, uniq_joseph, uniq_psyche

Notes
Turn   | Place    | Note
-------+----------+-------------------------------------------
     0 | D:1      | Sobieck the Kobold Earth Elementalist began the quest for
                  | the Orb.
     0 | D:1      | Reached XP level 1. HP: 10/10 MP: 3/3
   406 | D:1      | Reached XP level 2. HP: 15/15 MP: 3/5
   499 | D:1      | Learned a level 2 spell: Passwall
   873 | D:1      | Found a faded altar of an unknown god.
  1238 | D:2      | Reached skill level 3 in Stealth
  1238 | D:2      | Reached XP level 3. HP: 20/20 MP: 3/6
  1303 | D:2      | Reached skill level 1 in Fighting
  1303 | D:2      | Reached skill level 1 in Short Blades
  1568 | D:2      | Reached XP level 4. HP: 25/25 MP: 3/7
  1685 | D:2      | Reached skill level 3 in Dodging
  1950 | D:2      | Noticed Natasha
  1959 | D:2      | Killed Natasha
  1960 | D:2      | Reached XP level 5. HP: 30/30 MP: 4/9
  2096 | D:2      | Noticed Natasha
  2098 | D:2      | Killed Natasha
  2099 | D:2      | Reached skill level 2 in Transmutations
  2372 | D:3      | Reached skill level 2 in Short Blades
  2440 | D:3      | Found an ornate altar of the Wu Jian Council.
  2446 | D:3      | Became a worshipper of the Wu Jian Council
  2579 | D:3      | Noticed an ogre
  2590 | D:3      | Killed an ogre
  2591 | D:3      | Reached skill level 2 in Fighting
  2591 | D:3      | Reached skill level 4 in Stealth
  2591 | D:3      | Reached skill level 3 in Spellcasting
  2591 | D:3      | Reached XP level 6. HP: 35/35 MP: 5/10
  2786 | D:3      | Found a transporter.
  2812 | D:3      | Found a transporter.
  2827 | D:3      | Noticed Tollund's ghost (amateur VSFi)
  2947 | D:3      | Noticed an ogre
  2950 | D:3      | Killed an ogre
  2951 | D:3      | Reached skill level 4 in Earth Magic
  3773 | D:4      | Reached XP level 7. HP: 40/40 MP: 11/11
  3796 | D:4      | Reached skill level 3 in Short Blades
  3796 | D:4      | Reached skill level 5 in Stealth
  4253 | D:5      | Entered Level 5 of the Dungeon
  4307 | D:5      | Reached skill level 3 in Fighting
  4307 | D:5      | Reached skill level 3 in Transmutations
  4537 | D:5      | Reached skill level 4 in Short Blades
  4546 | D:5      | Reached skill level 4 in Spellcasting
  4550 | D:5      | Learned a level 3 spell: Stone Arrow
  4555 | D:5      | Learned a level 4 spell: Petrify
  4665 | D:5      | Reached XP level 8. HP: 46/46 MP: 8/14
  5319 | D:5      | Noticed Blork the orc
  5326 | D:5      | Killed Blork the orc
  5462 | D:5      | Found a shadowy altar of Dithmenos.
  5497 | D:5      | Reached skill level 1 in Conjurations
  5790 | D:5      | Reached * piety under Wu Jian
  5908 | D:6      | Reached skill level 5 in Short Blades
  5908 | D:6      | Reached skill level 6 in Stealth
  5977 | D:6      | Reached skill level 4 in Fighting
  5977 | D:6      | Reached skill level 2 in Conjurations
  6024 | D:6      | HP: 8/48 [black bear (5)]
  6026 | D:6      | Reached skill level 4 in Transmutations
  6311 | D:6      | Found a staircase to the Ecumenical Temple.
  6411 | D:6      | Reached XP level 9. HP: 47/52 MP: 11/16
  6714 | D:6      | Reached skill level 5 in Earth Magic
  6845 | D:6      | Reached skill level 5 in Spellcasting
  7015 | D:7      | Noticed Menkaure
  7016 | D:7      | Killed Menkaure
  7017 | D:7      | Reached skill level 6 in Short Blades
  7035 | D:6      | Reached skill level 7 in Stealth
  7035 | D:6      | Reached skill level 3 in Conjurations
  7319 | D:7      | Noticed Maggie
  7343 | D:7      | Found Olog's Assorted Antiques.
  7348 | D:7      | Bought a scroll of enchant weapon for 157 gold pieces
  7513 | D:7      | Noticed Prince Ribbit
  7516 | D:7      | Killed Prince Ribbit
  7517 | D:7      | Reached skill level 5 in Fighting
  8181 | D:7      | Identified the +7 whip of Burning Integrity {venom, rC+
                  | rN+}
  8683 | D:7      | Killed Maggie
  8684 | D:7      | Reached skill level 5 in Transmutations
  8684 | D:7      | Reached XP level 10. HP: 40/59 MP: 10/18
  9241 | D:8      | Reached ** piety under Wu Jian
  9391 | D:8      | Reached skill level 8 in Stealth
  9402 | D:8      | Noticed Psyche
  9409 | D:8      | Killed Psyche
  9410 | D:8      | Reached skill level 7 in Short Blades
  9410 | D:8      | Reached skill level 4 in Conjurations
  9572 | D:8      | Reached skill level 6 in Earth Magic
  9599 | D:8      | Reached skill level 6 in Spellcasting
  9857 | D:8      | Noticed Joseph
  9869 | D:8      | HP: 6/60 [Joseph/+0 quarterstaff (12)]
  9871 | D:8      | Slain by Joseph

Vanquished Creatures
  Maggie (D:7)
  Psyche (D:8)
  Prince Ribbit (D:7)
  A wyvern (D:8)
  Menkaure (D:7)
  A water moccasin (D:7)
  A sky beast (D:6)
  3 black bears (D:6)
  2 ice beasts
  An orc warrior (D:8)
  5 ogres
  A wolf (D:8)
  3 centaurs
  A phantom (D:6)
  A kobold brigand (D:8)
  Blork the orc (D:5)
  A bullfrog (D:7)
  3 scorpions
  4 howler monkeys
  A gnoll bouda (D:6)
  3 orc priests
  2 hounds
  2 jellies
  6 iguanas
  Natasha (twice) (D:2)
  3 orc wizards
  9 gnolls
  6 adders
  2 shadow imps
  A worm (D:5)
  3 dart slugs
  8 orcs
  6 ball pythons
  3 endoplasms
  3 giant cockroaches
  6 hobgoblins
  3 quokkas
  4 bats
  3 frilled lizards
  4 goblins
  10 kobolds
  5 rats
128 creatures vanquished.

Table legend:
 A = Non-vault XP
 B = Vault XP
 C = Vault XP percentage of total XP
 D = Non-vault monster count
 E = Vault monster count
 F = Vault count percentage of total count
                 A         B        C        D         E       F
            +---------+---------+-------+---------+---------+-------
      Total |    3653 |    1848 |  33.6 |     116 |      12 |   9.4
            +---------+---------+-------+---------+---------+-------
        D:1 |      20 |       0 |   0.0 |      12 |       0 |   0.0
        D:2 |     157 |      35 |  18.2 |      21 |       1 |   4.5
        D:3 |     269 |       3 |   1.1 |      11 |       2 |  15.4
        D:4 |     139 |       0 |   0.0 |       9 |       0 |   0.0
        D:5 |     759 |      94 |  11.0 |      14 |       1 |   6.7
        D:6 |    1386 |       0 |   0.0 |      25 |       0 |   0.0
        D:7 |     427 |     864 |  66.9 |      11 |       3 |  21.4
        D:8 |     496 |     852 |  63.2 |      13 |       5 |  27.8
            +---------+---------+-------+---------+---------+-------

Illustrated notes

Table legend:
 A = Kills in this place as a percentage of kills in entire the game.
 B = Kills by you in this place as a percentage of kills by you in the entire game.
 C = Kills by friends in this place as a percentage of kills by friends in the entire game.
 D = Other kills in this place as a percentage of other kills in the entire game.
 E = Experience gained in this place as a percentage of experience gained in the entire game.
 F = Experience gained in this place divided by the number of levels of this place that you have seen.
                   A       B       C       D       E      F
               +-------+-------+-------+-------+-------+----------------------
         Total | 100.0 | 100.0 |   N/A |   N/A | 100.0 | 687.6
       Dungeon | 100.0 | 100.0 |   N/A |   N/A | 100.0 | 687.6
               +-------+-------+-------+-------+-------+----------------------

Table legend: (Time is in decaauts)
 A = Elapsed time spent in this place.
 B = Non-inter-level travel time spent in this place.
 C = Inter-level travel time spent in this place.
 D = Time resting spent in this place.
 E = Time spent auto-exploring this place.
 F = Levels seen in this place.
 G = Mean time per level.
                   A        B        C        D        E       F      G
               +--------+--------+--------+--------+--------+-----+--------+
         Total |   9968 |   9782 |    186 |   1748 |   6918 |   8 | 1246.0 |
       Dungeon |   9968 |   9782 |    186 |   1748 |   6918 |   8 | 1246.0 |
               +--------+--------+--------+--------+--------+-----+--------+

Top non-repeatable levels by time:
     D:6: 2020 daAuts
     D:5: 1508 daAuts
     D:3: 1308 daAuts
     D:1: 1194 daAuts
     D:7: 1169 daAuts
     D:2: 1072 daAuts
     D:8: 980 daAuts
     D:4: 714 daAuts
